AoeStats
← ITA | MarknighT

QS Arena

503346314Analyzed
1v1 RM · 1mo ago on Aug 31, 2026· 37m 4s· 2 players
Game mode
Random Map
Map size
Tiny (2 player)
Population
200
Speed
Normal
Resources
Standard
Victory
Conquest
Starting age
Dark Age
Ending age
Imperial Age
RankedLock teamsTeams togetherTeam positionsShared explorationLock speedFull tech treeHidden civsTurbo modeCheats
Victory
Defeat
🇮🇹 Ethiopians · Italy
1935
+17
🇮🇩 Bohemians · Indonesia
1956
-17
ITA | MarknighT
7:44 Feudal Age
11:25 Castle Age
10:02 Double-Bit Axe
10:59 Fletching
12:31 Crossbowman
13:32 Bow Saw
13:32 Crossbowman
15:04 Bodkin Arrow
19:58 Loom
20:51 Wheelbarrow
26:15 Imperial Age
23:35 Town Watch
26:00 Horse Collar
27:01 Bracer
27:27 Conscription
28:11 Chemistry
27:47 Arbalester
32:26 Masonry
32:19 Padded Archer Armor
34:30 Ballistics
34:13 Devotion
36:42 Thumb Ring
37:39 Architecture
FStalker24
7:48 Feudal Age
11:29 Castle Age
9:54 Double-Bit Axe
10:13 Loom
14:23 Sanctity
18:09 Fervor
22:46 Redemption
24:25 Wheelbarrow
27:42 Imperial Age
26:30 Bow Saw
27:31 Chemistry
28:46 Block Printing
29:12 Theocracy
30:15 Town Watch
34:53 Illumination
Connection lost

Rejoining the realm…

Still unreachable

The connection could not be restored.

Session expired

The server has moved on; the page needs a fresh start.